 Dungeon Crawl Stone Soup version 0.29-a0-11-ga75d3d97ab (webtiles) character file.

Game seed: 15647482139753913588

9464 soggyman666 the Cleaver (level 11, -5/95 HPs)
             Began as a Hill Orc Fighter on Jan 29, 2022.
             Was a Priest of Fedhas.
             Slain by a six-headed hydra (8 damage)
             ... on level 1 of the Lair of Beasts.
             The game lasted 00:49:04 (14868 turns).

soggyman666 the Cleaver (Hill Orc Fighter)         Turns: 14868, Time: 00:49:04

Health: -5/95      AC: 16    Str: 22    XL:     11   Next: 46%
Magic:  15/15      EV: 12    Int:  8    God:    Fedhas [***...]
Gold:   359        SH: 10    Dex: 12    Spells: 10/10 levels left

rFire   + + .      SeeInvis .   a - +0 war axe (flame)
rCold   + . .      Faith    .   c - +0 buckler
rNeg    . . .      Spirit   .   n - quicksilver dragon scales
rPois   +          Reflect  +   (no helmet)
rElec   +          Harm     .   D - +0 cloak
rCorr   +          Rampage  .   (no gloves)
Will    +....                   j - +1 pair of boots
Stlth   +.........              S - amulet of reflection
HPRegen 0.25/turn               F - ring of protection from fire
MPRegen 0.14/turn               (no ring)

@: mighty, resistant
A: no striking features
a: Renounce Religion, Wall of Briars, Grow Ballistomycete


You were on level 1 of the Lair of Beasts.
You worshipped Fedhas.
Fedhas was most pleased with you.
You visited 3 branches of the dungeon, and saw 12 of its levels.
You also visited: Sewer.

You collected 463 gold pieces.
You spent 104 gold pieces at shops.

Inventory:

Hand Weapons
 a - a +0 war axe of flaming (weapon)
 y - a +0 hand crossbow
 U - a +0 war axe of freezing
 V - a +0 war axe
Missiles
 f - 2 javelins
 g - 15 poisoned darts
 k - 266 stones
 l - 72 bolts
 L - 7 boomerangs (quivered)
 T - 6 curare-tipped darts
Armour
 c - a +0 buckler (worn)
 j - a +1 pair of boots (worn)
 n - quicksilver dragon scales (worn)
 q - +0 shadow dragon scales
 x - a scarf of invisibility
 D - a +0 cloak (worn)
 M - the +2 hat of the Bear Spirit {Spirit, *Rage Will++}
   (You found it on level 7 of the Dungeon)

   Going berserk makes the wearer tougher, and they're slowed less afterward.
   *Rage:     It berserks you when you make melee attacks (+20% chance).
   Will:      It greatly increases your willpower.
Jewellery
 B - a ring of fire
 F - a ring of protection from fire (left hand)
 S - an amulet of reflection (around neck)
Wands
 p - a wand of acid (10)
 s - a wand of paralysis (6)
 J - a wand of iceblast (4)
 N - a wand of polymorph (4)
 O - a wand of flame (20)
Scrolls
 m - a scroll of summoning
 v - 2 scrolls of enchant armour
 w - 4 scrolls of teleportation
 C - 4 scrolls of fear
 E - a scroll of fog
 K - 2 scrolls of blinking
 Q - a scroll of holy word
Potions
 b - a potion of invisibility {unknown}
 d - a potion of resistance
 e - 2 potions of degeneration {unknown}
 h - a potion of mutation {unknown}
 i - a potion of berserk rage {unknown}
 o - 2 potions of curing
 r - a potion of magic {unknown}
 t - 5 potions of haste {unknown}
 u - 4 potions of cancellation
 z - 5 potions of brilliance
 G - a potion of ambrosia {unknown}
 H - 2 potions of lignification {unknown}
 I - a potion of might
 P - a potion of attraction {unknown}


   Skills:
 + Level 8.4 Fighting
 + Level 13.0 Axes
 + Level 3.2 Throwing
 + Level 9.1 Armour
 + Level 3.9 Dodging
 + Level 2.2 Stealth
 + Level 6.7 Shields
 * Level 5.8 Invocations
 + Level 4.0 Evocations


You had 10 spell levels left.
You didn't know any spells.
Your spell library contained the following spells:

 Spells                   Type           Power      Damage    Failure   Level
 Freeze                   Ice            0%         1d3       63%         1
 Scorch                   Fire           0%         2d5       77%         2
 Frozen Ramparts          Ice            0%         1d2       94%         3
 Flame Wave               Conj/Fire      0%         2d4       100%        4
 Hailstorm                Conj/Ice       0%         3d3       100%        4
 Summon Cactus Giant      Summ           0%         N/A       100%        6


Dungeon Overview and Level Annotations

Branches:
Dungeon (10/15)            Temple (1/1) D:5            Lair (1/6) D:8
  Sewer (visited)
    Orc: D:9-12

Altars:
Ashenzari
Cheibriados
Dithmenos
Elyvilon
Fedhas
Gozag
Hepliaklqana
Kikubaaqudgha
Makhleb
Nemelex Xobeh
Okawaru
Qazlal
Ru
Sif Muna
Trog
Uskayaw
Vehumet
Wu Jian
Xom
Yredelemnul
Zin
The Shining One

Shops:
D:3 (   D:6 :[**:   D:8 !   D:10 [


Message History

The seven-headed hydra barely misses you.
The seven-headed hydra bites you.
* * * LOW HITPOINT WARNING * * *
The seven-headed hydra bites you!
* * * LOW HITPOINT WARNING * * *
You completely miss the seven-headed hydra.
The seven-headed hydra is moderately wounded.
The bullfrog hits the bush but does no damage.
The bullfrog hits the bush.
You feel better.
The seven-headed hydra bites you but does no damage.
The seven-headed hydra closely misses you.
The seven-headed hydra bites you but does no damage. x2
The seven-headed hydra bites you.
* * * LOW HITPOINT WARNING * * *
You block the seven-headed hydra's attack.
The seven-headed hydra barely misses you.
The bullfrog hits the bush but does no damage.
It was a potion of resistance.
You feel protected.
The bullfrog hits the bush but does no damage.
The seven-headed hydra closely misses you.
The seven-headed hydra bites you but does no damage.
The seven-headed hydra barely misses you.
The seven-headed hydra completely misses you.
You block the seven-headed hydra's attack.
The seven-headed hydra barely misses you.
The seven-headed hydra bites you!
* * * LOW HITPOINT WARNING * * *
The bullfrog hits the bush but does no damage.
You slice one of the seven-headed hydra's heads off!
The flame cauterises the wound!
You slash the six-headed hydra! You burn the six-headed hydra.
The six-headed hydra is heavily wounded.
You block the six-headed hydra's attack.
The six-headed hydra bites you but does no damage. x2
You block the six-headed hydra's attack.
The six-headed hydra bites you!
You die...
Fedhas appreciates your contribution to the ecosystem.

##.
....
...
#.##
#...##
#.S#
##F##
#DP#
#@###
##'..##
#.....#
#....##
#....+
#....##
+....P#
#..<.##
###+##


You could see a six-headed hydra, a water moccasin and a bullfrog.

Vanquished Creatures
  Pikel (D:6)
  Maurice (D:8)
  Joseph (D:9)
  A cane toad (Lair:1)
  A komodo dragon (D:8)
  3 trolls (D:9)
  A hornet (D:9)
  A shadow (D:10)
  2 wyverns (D:8)
  12 yaks
  2 water moccasins
  A swamp drake (D:8)
  3 black bears
  4 orc warriors
  2 necrophages
  8 centaurs
  An ogre (D:6)
  4 lemures (D:6)
  3 kobold brigands
  A wyvern zombie (D:7)
  2 water moccasin zombies
  A gnoll sergeant (D:8)
  5 killer bees (D:9)
  13 wights
  2 howler monkeys
  8 electric eels (D:8)
  2 centaur zombies (D:9)
  A bullfrog zombie (D:6)
  6 orc priests
  4 hounds
  2 jellies
  3 iguanas
  7 orc wizards
  Natasha (D:3)
  A killer bee zombie (D:8)
  3 gnolls (D:8)
  A river rat (D:5)
  6 adders
  A white imp (D:8)
  A dart slug (D:3)
  30 orcs
  5 endoplasms
  9 giant cockroaches
  2 hobgoblins (D:4)
  3 jackals (D:3)
  3 quokkas
  10 ball pythons
  3 bats
  4 goblins
  19 kobolds
  3 rats
214 creatures vanquished.

Vanquished Creatures (collateral kills)
  2 hornets (D:9)
  An orc priest (D:10)
  2 orc wizards (D:10)
  2 orcs (D:10)
7 creatures vanquished.

Vanquished Creatures (others)
  A catoblepas (D:9)
  An orc warrior (D:9)
  A bullfrog (D:9)
  A fungus (Sewer)
  A plant (Sewer)
5 creatures vanquished.

Grand Total: 226 creatures vanquished

Notes
Turn   | Place    | Note
-------+----------+-------------------------------------------
     0 | D:1      | soggyman666 the Hill Orc Fighter began the quest for the
                  | Orb.
     0 | D:1      | Reached XP level 1. HP: 19/19 MP: 1/1
   707 | D:1      | Reached XP level 2. HP: 24/27 MP: 2/2
  1079 | D:2      | Found a faded altar of an unknown god.
  1219 | D:2      | Reached skill level 1 in Throwing
  1756 | D:3      | Found Vianorut's Weapon Shoppe.
  1759 | D:3      | Reached XP level 3. HP: 30/33 MP: 3/3
  2036 | D:3      | Noticed Natasha
  2047 | D:3      | Killed Natasha
  2048 | D:3      | Reached skill level 3 in Axes
  2072 | D:3      | Reached XP level 4. HP: 40/40 MP: 4/4
  2822 | D:4      | Reached skill level 4 in Axes
  2822 | D:4      | Reached XP level 5. HP: 18/47 MP: 5/5
  3132 | D:4      | Found a snail-covered altar of Cheibriados.
  3208 | D:4      | Noticed a black bear
  3224 | D:4      | Killed a black bear
  3225 | D:4      | Reached skill level 5 in Axes
  3225 | D:4      | Reached XP level 6. HP: 31/55 MP: 6/6
  3227 | D:4      | Found an opulent altar of Gozag.
  3836 | D:5      | Entered Level 5 of the Dungeon
  3864 | D:5      | Reached skill level 1 in Dodging
  4261 | D:5      | Found a glowing drain.
  4270 | D:5      | Reached skill level 5 in Fighting
  4296 | Sewer    | Entered a sewer
  4514 | Sewer    | Reached skill level 6 in Axes
  4514 | Sewer    | Reached skill level 1 in Evocations
  4514 | Sewer    | Reached XP level 7. HP: 45/61 MP: 7/7
  5012 | D:5      | Reached skill level 1 in Stealth
  5023 | D:5      | Reached skill level 7 in Axes
  5025 | D:5      | Reached XP level 8. HP: 68/68 MP: 8/8
  5034 | D:5      | Reached skill level 5 in Armour
  5101 | D:5      | Found a staircase to the Ecumenical Temple.
  5129 | Temple   | Entered the Ecumenical Temple
  5270 | Temple   | Became a worshipper of Fedhas Madash
  5606 | D:6      | Found Wiwe's Armour Shoppe.
  5643 | D:6      | Reached skill level 8 in Axes
  5832 | D:6      | Found Cois's Book Boutique.
  5955 | D:6      | Found Lilui's Book Emporium.
  6073 | D:6      | Found a hazy altar of Hepliaklqana.
  6113 | D:6      | Found a shadowy altar of Dithmenos.
  6123 | D:6      | Noticed Pikel
  6277 | D:6      | Killed Pikel
  6278 | D:6      | Reached skill level 9 in Axes
  6278 | D:6      | Reached XP level 9. HP: 29/75 MP: 9/9
  6668 | D:6      | Found Adagg's Assorted Antiques.
  6680 | D:6      | Found Nuopp's Assorted Antiques.
  7014 | D:6      | Reached * piety under Fedhas
  8157 | D:7      | Reached skill level 5 in Shields
  8258 | D:7      | Found the +2 hat of the Bear Spirit {Spirit, *Rage Will++}
  8398 | D:7      | Found a glowing silver altar of Zin.
  8579 | D:8      | Noticed Maurice
  8582 | D:8      | Killed Maurice
  8583 | D:8      | Reached skill level 10 in Axes
  8598 | D:8      | Found an iron altar of Okawaru.
  8681 | D:8      | Reached ** piety under Fedhas
  8954 | D:8      | Found a white marble altar of Elyvilon.
  8955 | D:8      | Found a glowing golden altar of the Shining One.
  9117 | D:8      | Reached XP level 10. HP: 84/84 MP: 10/10
  9181 | D:8      | Reached skill level 11 in Axes
  9294 | D:8      | Found a staircase to the Lair.
  9424 | D:8      | Found Nete's Distillery.
  9428 | D:8      | Bought a potion of might for 52 gold pieces
  9428 | D:8      | Bought a potion of might for 52 gold pieces
 11176 | D:9      | Reached skill level 1 in Invocations
 11312 | D:9      | Reached skill level 12 in Axes
 11320 | D:9      | Noticed Joseph
 11324 | D:9      | Killed a catoblepas
 11891 | D:9      | Killed Joseph
 12003 | D:9      | Found a shimmering altar of Xom.
 12782 | D:9      | Reached *** piety under Fedhas
 12967 | D:9      | Reached XP level 11. HP: 28/94 MP: 14/14
 13742 | D:9      | Found a sacrificial altar of Ru.
 13760 | D:10     | Entered Level 10 of the Dungeon
 13859 | D:10     | Reached skill level 5 in Invocations
 13950 | D:10     | Found Ruvukh's Antique Armour Boutique.
 14462 | D:10     | Reached skill level 13 in Axes
 14832 | Lair:1   | Entered Level 1 of the Lair of Beasts
 14855 | Lair:1   | Noticed an eight-headed hydra
 14867 | Lair:1   | HP: 3/95 [seven-headed hydra (9)]
 14868 | Lair:1   | Slain by a six-headed hydra

Illustrated notes

Levels and vault maps discovered:
D:1:      amcnicky_arrival_blooded_trapdoor, layout_basic
D:2:      layout_basic, serial_co_window_serial, co_window_paths_a,
          co_window_corner_a, co_window_paths_a, co_window_paths_a,
          co_window_corner_a, co_window_2corner, co_window_of_opportunity_b,
          co_window_of_opportunity_b, co_window_paths_c, co_window_4corner_a,
          ebering_ecumenical_altar_abandoned
D:3:      layout_basic, serial_shops, shop, kennysheep_doodads, uniq_natasha
D:4:      layout_basic, nicolae_gozag_seed_capital, kennysheep_mini_moat
D:5:      layout_basic, minmay_temple_entry_drinking_statues,
          portal_sewer_entry_a
D:6:      layout_gridville, mainiacjoe_overflow_catwalk, grunt_dithmenos_smoke,
          serial_shops, kennysheep_little_box, shop, shop, shop, shop,
          uniq_pikel
D:7:      layout_cave_pools, lemuel_coloured_pillars_altar
D:8:      layout_cave_pods, mainiacjoe_overflow_boulevard,
          mainiacjoe_overflow_catwalk_spiral, erik_lair_dragon, serial_shops,
          nicolae_shop_behind_doors, kennysheep_boxes, uniq_maurice
D:9:      layout_gridville, xom_confusion_cloud, nicolae_ru_path_of_blood,
          uniq_joseph
D:10:     layout_small_grid, serial_shops, shop_fountains
Temple:   nicolae_temple_hex_pool
Lair:1:   layout_roguey, uniq_grum

Skill      XL: |  1  2  3  4  5  6  7  8  9 10 11 |
---------------+----------------------------------+-----
Fighting       | 4 5 6 7 8 |  8.4
Throwing       | 1 2 3 |  3.2
Axes           | 3 4 5 6 7 9 10 12 13 | 13.0
Armour         | 4 6 7 8 9 |  9.1
Dodging        | 1 2 3 |  3.9
Evocations     | 1 2 3 4 |  4.0
Stealth        | 1 2 |  2.2
Shields        | 4 5 6 |  6.7
Invocations    | 4 5 |  5.8

Action                   |  1- 3 |  4- 6 |  7- 9 | 10-12 || total
-------------------------+-------+-------+-------+-------++-------
Melee: Hand axe          |    49 |   153 |   311 |   179 ||   692
       War axe           |     5 |       |       |   107 ||   112
Throw: Javelin           |     6 |    13 |    12 |     2 ||    33
       Dart              |       |     3 |       |     1 ||     4
       Boomerang         |       |       |       |     5 ||     5
Invok: Wall of Briars    |       |       |       |     1 ||     1
Evoke: Wand              |       |       |    24 |    10 ||    34
  Use: Scroll            |     3 |     6 |     5 |     6 ||    20
       Potion            |       |     1 |     2 |     5 ||     8
 Stab: Sleeping          |       |     2 |     2 |       ||     4
Armor: Scale mail        |    12 |       |       |       ||    12
       Quicksilver drago |    12 |    55 |       |   148 ||   215
       Shadow dragon sca |       |    23 |   180 |     8 ||   211
Dodge: Dodged            |    28 |    82 |   114 |   192 ||   416
Block: Buckler           |    13 |    35 |    64 |   118 ||   230
       Reflection        |       |       |       |     3 ||     3

Table legend: (Time is in decaauts)
 A = Elapsed time spent in this place.
 B = Non-inter-level travel time spent in this place.
 C = Inter-level travel time spent in this place.
 D = Time resting spent in this place.
 E = Time spent auto-exploring this place.
 F = Levels seen in this place.
 G = Mean time per level.
                   A        B        C        D        E       F      G
               +--------+--------+--------+--------+--------+-----+--------+
         Total |  14898 |  13812 |   1086 |   3478 |   7607 |  13 | 1146.0 |
       Dungeon |  14340 |  13335 |   1005 |   3478 |   7310 |  10 | 1434.0 |
        Temple |    154 |     73 |     81 |      0 |     61 |   1 |  154.0 |
          Lair |     33 |     33 |      0 |      0 |      0 |   1 |   33.0 |
         Sewer |    369 |    369 |      0 |      0 |    236 |   1 |  369.0 |
               +--------+--------+--------+--------+--------+-----+--------+

Top non-repeatable levels by time:
     D:8: 3705 daAuts
     D:6: 1616 daAuts
     D:9: 1527 daAuts
     D:5: 1505 daAuts
     D:4: 1150 daAuts
     D:7: 1100 daAuts
    D:10: 1004 daAuts
     D:3: 983 daAuts
     D:1: 908 daAuts
     D:2: 837 daAuts
   Sewer: 369 daAuts
  Temple: 154 daAuts
  Lair:1: 33 daAuts
